 Dungeon Crawl Stone Soup version 0.27.0-1-g7a089689b8 (webtiles) character file.

Game seed: 11891728053506698300

4 Malachi the Magician (level 1, 0/15 HPs)
             Began as a Djinni Summoner on Aug 11, 2021.
             Slain by a quokka (3 damage)
             ... on level 1 of the Dungeon.
             The game lasted 00:00:30 (390 turns).

Malachi the Magician (Djinni Summoner)               Turns: 390, Time: 00:00:31

Health: 0/15       AC:  2    Str:  7    XL:     1   Next: 77%
Gold:   10         EV: 12    Int: 16    God:
                   SH:  0    Dex: 13

rFire    + + .     SeeInvis .   b - +0 short sword
rCold    x . .     Faith    .   (no shield)
rNeg     . . .     Spirit   .   a - +0 robe
rPois    ∞         Reflect  .   (no helmet)
rElec    .         Harm     .   (no cloak)
rCorr    .         Rampage  .   (no gloves)
Will     .....                  (boots unavailable)
Stlth    ++........             (no amulet)
HPRegen  0.05/turn              (no ring)
MPRegen  0.00/turn              (no ring)

@: flying
A: sickness immunity, fire resistance 2, cold vulnerability 1, float, innate
caster, hp casting, extra vitality 1
a: no special abilities


You were on level 1 of the Dungeon.
You visited 1 branch of the dungeon, and saw 1 of its levels.

You collected 10 gold pieces.

Inventory:

Hand Weapons
 b - a +0 short sword (weapon)
Armour
 a - a +0 robe (worn)


   Skills:
 + Level 2.1 Dodging
 + Level 1.5 Stealth
 + Level 3.4 Spellcasting


You couldn't memorise any spells.
You knew the following spells:

 Your Spells              Type           Power      Damage    Failure   Level
a - Summon Small Mammal   Summ           52%        N/A       4%          1
b - Call Imp              Summ           13%        N/A       6%          2
c - Call Canine Familiar  Summ           13%        N/A       13%         3
d - Summon Guardian Gole  Hex/Summ       13%        N/A       13%         3
e - Summon Lightning Spi  Summ/Air       13%        N/A       38%         4
Your spell library was empty.

Dungeon Overview and Level Annotations

Branches:
Dungeon (1/15)

Altars:


Innate Abilities, Weirdness & Mutations

You are immune to sickness and miasma.
You are immune to poison.
Your flesh is very heat resistant. (rF++)
You are vulnerable to cold. (rC-)
You float through the air rather than walking.
You learn spells naturally, not from books.
Your magical power is your life essence.
You have superior vitality. (+4 HP)


Message History

You hit the endoplasm.
The endoplasm is almost dead.
The bat hits you but does no damage.
Your bat hits the endoplasm but does no damage.
The bat hits you but does no damage.
Your bat hits the endoplasm.
The endoplasm dies!
Your bat completely misses the bat.
The bat closely misses you.
Your bat misses the bat. The bat misses your bat.
Your bat misses the bat.
Your bat hits the bat but does no damage.
The bat closely misses your bat.
You hit the bat.
You kill the bat!
No target in view!
No target in view!
Your bat disappears in a puff of smoke!
Your bat disappears in a puff of smoke!
You see here a +0 leather armour.
Found a ring mail.
You start waiting.
Done waiting.
Found a stone staircase leading down.
A quokka comes into view.
Found a dagger.
The helpless quokka fails to defend itself.
You hit the quokka.
The quokka is moderately wounded.
The quokka bites you. x2
You hit the quokka.
The quokka is severely wounded.
The quokka bites you.
You are too injured to fight recklessly!
You are too injured to fight recklessly!
You are too injured to fight recklessly!
The quokka bites you.
* * * LOW HITPOINT WARNING * * *
You barely miss the quokka.
The quokka is severely wounded.
The quokka bites you.
You die...

#)# ..# #.# #.. #.# #.#
#.# ###.. #.# ...[.
#.######### ####.
#>......... .....
###r...#############.
..###.@..####......###.
........................
...###....####......###.
. #....# #......# #.
#....# ♣♣♣♣♣♣♣# ##
#....# #....♣ #....♣
#####♣


You could see a quokka.

Vanquished Creatures
  A ball python (D:1)
  A bat (D:1)
2 creatures vanquished.

Vanquished Creatures (collateral kills)
  A bat (D:1)
  An endoplasm (D:1)
  A kobold (D:1)
3 creatures vanquished.

Grand Total: 5 creatures vanquished

Notes
Turn   | Place    | Note
-------+----------+-------------------------------------------
     0 | D:1      | Malachi the Djinni Summoner began the quest for the Orb.
     0 | D:1      | Reached XP level 1. HP: 15/15 MP: 0/0
   390 | D:1      | Slain by a quokka

Illustrated notes

Levels and vault maps discovered:
D:1:      lightli_arrival_statuegarden, layout_basic,
          shapermc_ecumenical_altar_totnotflames, st_stairs_2, kennysheep_boxes

Action                   || total
-------------------------++-------
Melee: Short sword       ||     7
 Cast: Summon Small Mamm ||     6
 Stab: Sleeping          ||     1
Armor: Robe              ||     7
Dodge: Dodged            ||    12
